Unix NetHack Version 5.0.0-0 post-release - last build May  4 2026 22:22:43 (774f63e81ad911689b3a0859ea89b322d5daca8d,branch:main).

Game began 2026-05-06 10:43:48, ended 2026-05-06 11:03:20.

01246791210, neutral male human Barbarian

    -----
    |.e..
    |{@.|
    |.:.+
    |.<.|
    --|--

01246791210 the Pillager   St:18/02 Dx:16 Co:18 In:8 Wi:7 Ch:6  Neutral
Dlvl:3  $:15 HP:0(37) Pw:8(8) AC:7  Xp:3 T:1132 

Latest messages:
 Ouch!  That hurts!
 Pick a monster, object or location.
 Pick a monster, object or location.
 You miss the newt.
 You see here a coyote corpse.
 You smite the yellow mold.
 You stagger...
 What do you want to eat? [d or ?*] e
 You cannot eat that!
 What do you want to eat? [d or ?*] <enter>
 Never mind.
 What do you want to eat? [d or ?*] *
 You begin eating an uncursed partly eaten food ration.
 You finish eating the food ration.
 You don't have anything to eat.
 You don't have anything to eat.
 You don't have anything to eat.
 You don't have anything to eat.
 You feel a bit steadier now.
 The newt bites!
 You kill the newt!
 You don't have anything to eat.
 You descend the stairs.
 Pick a monster, object or location.
 You miss the floating eye.
 You smite the floating eye.
 You are frozen by the floating eye's gaze!
 You hear the splashing of a naiad.
 You hear the chime of a cash register.
 You hear the splashing of a naiad.
 The iguana bites!
 The iguana bites!
 The iguana bites!
 The iguana bites!
 The iguana bites!
 The iguana bites!
 The iguana bites!
 The iguana bites!
 The iguana bites!
 The iguana bites!
 The iguana bites!
 The iguana bites!
 The iguana bites!
 The iguana bites!
 You die...
 Do you want your possessions identified? [ynq] (y) y
 Do you want to see your attributes? [ynq] (y) n
 Do you want an account of creatures vanquished? [ynaq] (y) y
 Do you want to see your conduct and achievements? [ynq] (y) n
 Do you want to see the dungeon overview? [ynq] (y) y

Inventory:
 Coins    ('$')
  $ - 15 gold pieces
 Weapons  (')')
  f - a blessed +1 spear
  b - a +0 axe (alternate weapon; not wielded)
  a - a +0 two-handed sword
 Armor    ('[')
  g - an uncursed +0 orcish helm (wielded)
  c - an uncursed +0 ring mail (being worn)
 Tools    ('(')
  e - an uncursed oil lamp

01246791210 the Barbarian's attributes:

Background:
 You were a Pillager, a level 3 male human Barbarian.
 You were neutral, nominally on a mission for Crom
 who was opposed by Mitra (lawful) and Set (chaotic).
 You were right-handed.
 You were in the Dungeons of Doom, on level 3.
 You entered the dungeon 1132 turns ago.
 You had 61 experience points, 19 more were needed to attain level 4.

Basics:
 You had 0 out of 37 hit points.
 You had all 8 energy points (spell power).
 Your armor class was 7.
 Your wallet contained 15 zorkmids.
 Autopickup was off.

Final Characteristics:
 Your strength was 18/02 (limit:18/100).
 Your dexterity was 16 (limit:18).
 Your constitution was 18 (limit:18).
 Your intelligence was 8 (limit:18).
 Your wisdom was 7 (limit:18).
 Your charisma was 6 (limit:18).

Final Status:
 You weren't hungry.
 You were unencumbered.
 You were wielding some armor.

Final Attributes:
 You were fervently aligned.
 You were poison resistant.
 You were warded.
 You are dead.

Miscellaneous:
 You didn't encounter any bones levels.
 Total elapsed playing time was 18 minutes and 59 seconds.

Major events:
 Turn
    1: 01246791210 the neutral male human Barbarian entered the dungeon
  658: attained the rank of Pillager (level 3)
 1132: killed by an iguana, while frozen by a floating eye's gaze

You didn't know any spells.

Skills:
 Fighting Skills
   bare handed combat [Basic]
   two weapon combat  [Unskilled]
   riding             [Unskilled]
 Weapon Skills
   dagger             [Unskilled]
   axe                [Basic]
   pick-axe           [Unskilled]
   short sword        [Unskilled]
   broadsword         [Unskilled]
   long sword         [Unskilled]
   two-handed sword   [Basic]
   saber              [Unskilled]
   club               [Unskilled]
   mace               [Unskilled]
   morning star       [Unskilled]
   flail              [Unskilled]
   hammer             [Unskilled]
   quarterstaff       [Unskilled]
   spear              [Unskilled]
   trident            [Unskilled]
   bow                [Unskilled]
 Spellcasting Skills
   attack spells      [Unskilled]
   escape spells      [Unskilled]

Voluntary challenges:
 Character rerolling was not enabled.
 You were an atheist.
 You were illiterate.
 You never genocided any monsters.
 You never polymorphed an object.
 You never changed form.
 You used no wishes.
Achievements:
 You entered a shop.
 You attained the rank of Pillager.

 The Dungeons of Doom: levels 1 to 3
    Level 1:
    Level 2:
       A potion shop, many fountains.
    Level 3: <- You were here.
       A fountain.
       Final resting place for
          you, killed by an iguana, while frozen by a floating eye's gaze.


Vanquished creatures:
  a shrieker
  a coyote
  2 giant rats
  a gecko
  a jackal
  a fox
  3 goblins
  2 sewer rats
  4 grid bugs
  2 bats
  a lichen
  4 newts
23 creatures vanquished.

No species were genocided or became extinct.

Game over:
                       ----------
                      /          \
                     /    REST    \
                    /      IN      \
                   /     PEACE      \
                  /                  \
                  |   01246791210    |
                  |      15 Au       |
                  |   killed by an   |
                  |      iguana      |
                  |                  |
                  |                  |
                  |       2026       |
                 *|     *  *  *      | *
        _________)/\\_//(\/(/\)/\//\/|_)_______

Goodbye 01246791210 the Barbarian...

You died in The Dungeons of Doom on dungeon level 3 with 358 points,
and 15 pieces of gold, after 1132 moves.
You were level 3 with a maximum of 37 hit points when you died.

